 Dungeon Crawl Stone Soup version 0.31-a0-236-g9a0961fb85 (webtiles) character file.

Game seed: 12695450405174638151

2426 qw the Skirmisher (level 9, -5/81 HPs)
             Began as a Minotaur Hexslinger on July 10, 2023.
             Slain by a hornet (8 damage)
             ... on level 8 of the Dungeon.
             The game lasted 00:02:17 (6232 turns).

qw the Skirmisher (Minotaur Hexslinger)             Turns: 6232, Time: 00:02:18

Health: -5/81      AC:  6    Str:  9    XL:     9   Next: 24%
Magic:  9/9        EV: 13    Int: 12    God:
Gold:   390        SH:  0    Dex: 16    Spells: 9/10 levels left

rFire   + . .        Y - +0 orcbow (flame)
rCold   + + .        (shield currently unavailable)
rNeg    + . .        h - +2 leather armour {rF+}
rPois   +            (helmet restricted)
rElec   .            a - -1 cloak "Riusiotack" {+Blink rC++ rN+ Str-5 Int+2}
rCorr   .            (no gloves)
SInv    .            c - +0 pair of boots
Will    +....        (no amulet)
Stlth   +            d - ring of poison resistance
HPRegen 0.33/turn    i - ring of willpower
MPRegen 0.11/turn

%: no passive effects
@: no status effects
A: horns 2, retaliatory headbutt
a: Evoke Blink


You were on level 8 of the Dungeon.
You visited 2 branches of the dungeon, and saw 9 of its levels.

You collected 390 gold pieces.


Innate Abilities, Weirdness & Mutations

You have a pair of horns on your head.
You reflexively headbutt those who attack you in melee.


   Skills:
 - Level 8.1 Fighting
 + Level 10.9 Ranged Weapons
 - Level 2.0 Armour
 - Level 4.0 Dodging
 - Level 1.0 Spellcasting
 - Level 2.0 Hexes


You had 9 spell levels left.
You knew the following spells:

 Your Spells              Type           Power      Damage    Failure   Level
a - Slow                  Hex            20%        N/A       19%         1

Your spell library contained the following spells:

 Spells                   Type           Power      Damage    Failure   Level
 Inner Flame              Hex/Fire       3%         N/A       63%         3
 Portal Projectile        Hex/Tloc       6%         N/A       63%         3
 Cause Fear               Hex            2%         N/A       87%         4

Inventory:

Hand Weapons
 Y - a +0 orcbow of flaming (weapon)
Armour
 a - the -1 cloak "Riusiotack" (worn) {+Blink rC++ rN+ Str-5 Int+2}
   (You acquired it on level 6 of the Dungeon)

   Str:       It affects your strength (-5).
   Int:       It affects your intelligence (+2).
   rC:        It greatly protects you from cold.
   rN:        It protects you from negative energy.
   +Blink:    It lets you blink.
 c - a +0 pair of boots (worn)
 g - +0 steam dragon scales
 h - a +2 leather armour of fire resistance (worn)
Jewellery
 d - a ring of poison resistance (left hand)
 i - a ring of willpower (right hand)
 k - a ring of resist corrosion
 l - a ring of fire
 m - a ring of positive energy
Scrolls
 b - 2 scrolls of identify
Potions
 f - 2 potions of curing
 j - 2 potions of haste
 n - a potion of mutation {unknown}
 o - a potion of cancellation {unknown}

Dungeon Overview and Level Annotations

Branches:
Dungeon (8/15)             Temple (1/1) D:7
   Lair: D:8-11

Altars:
Ashenzari
Cheibriados
Dithmenos
Elyvilon
Fedhas
Hepliaklqana
Kikubaaqudgha
Makhleb
Nemelex Xobeh
Qazlal
Ru
Sif Muna
Trog
Vehumet
Wu Jian
Xom
Yredelemnul
Zin
The Shining One


Message History

The spriggan hits you with a +0 dagger!
You shoot an arrow. The arrow closely misses the spriggan.
The spriggan barely misses you.
You shoot an arrow. The arrow closely misses the spriggan.
The spriggan hits you with a +0 dagger!
You shoot an arrow. The arrow misses the spriggan.
The spriggan hits you with a +0 dagger!
6223 ||| DRINKING potion of heal wounds.
You feel much better. The spriggan closely misses you.
You shoot an arrow. The arrow barely misses the spriggan.
The spriggan closely misses you.
You shoot an arrow. The arrow barely misses the spriggan.
The spriggan completely misses you.
You shoot an arrow.
The arrow hits the spriggan but does no damage.
The spriggan is almost dead.
The spriggan closely misses you. You furiously retaliate!
You headbutt the spriggan!
You kill the spriggan!
You start resting.
The hornet stings you but does no damage.
You shoot an arrow. The arrow hits the hornet!
The arrow burns the hornet.
The hornet is heavily wounded.
The hornet stings you!
You feel yourself slow down.
You shoot an arrow. The arrow hits the hornet.
The arrow burns the hornet.
The hornet is severely wounded.
You feel yourself speed up. The hornet barely misses you.
The hornet stings you. x2
You shoot an arrow. The arrow closely misses the hornet.
The hornet stings you!
You shoot an arrow.
The arrow hits the hornet but does no damage.
The hornet is severely wounded.
The hornet stings you.
You shoot an arrow.
The arrow hits the hornet but does no damage.
The hornet is severely wounded.
The hornet barely misses you. The hornet stings you!
You die... 77 77. .. .7 77y7 77@7

7.77 77..7
777..77
7...77
7.777
#.#########
#######
#.........#
##.....##
#######.#.#
##.......#


You could see a hornet.

Vanquished Creatures
  Pikel (D:6)
  A spriggan (D:8)
  2 steam dragons
  2 ice beasts
  A black bear (D:5)
  A sky beast (D:5)
  A centaur (D:5)
  A phantom (D:4)
  A kobold brigand (D:7)
  2 bullfrogs (D:6)
  3 scorpions (D:5)
  5 hounds
  4 jellies
  2 orc priests
  A sleepcap (D:5)
  3 iguanas
  7 gnolls
  5 adders
  2 shadow imps
  5 white imps
  3 ufetubi
  2 dart slugs
  7 orcs
  4 endoplasms
  5 giant cockroaches
  A hobgoblin (D:1)
  6 jackals
  10 kobolds
  3 quokkas
  6 ball pythons
  8 bats
  3 frilled lizards
  5 goblins
  5 rats
118 creatures vanquished.

Notes
Turn   | Place    | Note
-------+----------+-------------------------------------------
     0 | D:1      | qw the Minotaur Hexslinger began the quest for the Orb.
     0 | D:1      | Reached XP level 1. HP: 16/16 MP: 1/1
     0 | D:1      | 0 ||| qw: Version: 0.3-a-52-g30416fa
     0 | D:1      | 0 ||| qw: Game counter: 4929
     0 | D:1      | 0 ||| qw: Melee chars always use a shield: true
     0 | D:1      | 0 ||| qw: God list: Okawaru
     0 | D:1      | 0 ||| qw: Allow faded altars: false
     0 | D:1      | 0 ||| qw: Do Orc after clearing Dungeon:15 true
     0 | D:1      | 0 ||| qw: Do second Lair branch before Depths: true
     0 | D:1      | 0 ||| qw: Lair rune preference: random
     0 | D:1      | 0 ||| qw: Goals: Normal
     0 | D:1      | 0 ||| PLANNING D:1-11
   247 | D:1      | Reached skill level 3 in Ranged Weapons
   395 | D:1      | Reached XP level 2. HP: 23/23 MP: 2/2
   947 | D:1      | 947 ||| UPGRADING to +0 leather armour.
   957 | D:1      | 957 ||| DROPPING +0 robe.
   958 | D:1      | 958 ||| READING scroll labelled APUSIENLIS.
   959 | D:1      | 959 ||| READING scroll labelled JUNUSUVUIKK.
   960 | D:1      | 960 ||| DROPPING scroll of poison.
  1091 | D:2      | Reached XP level 3. HP: 30/30 MP: 3/3
  1222 | D:2      | Found a radiant altar of Vehumet.
  1235 | D:2      | Identified the +4 dagger of Kasaanad {antimagic, SInv}
  1505 | D:2      | Reached skill level 4 in Ranged Weapons
  1624 | D:2      | 1624 ||| UPGRADING to +2 leather armour of fire resistance.
  1634 | D:2      | 1634 ||| DROPPING +0 leather armour.
  1635 | D:2      | 1635 ||| READING scroll labelled CEFFEIC XAQI.
  1636 | D:2      | 1636 ||| READING scroll labelled TOFATHAONG.
  1637 | D:2      | 1637 ||| READING scroll labelled CYITEA LEOGIY.
  1638 | D:2      | 1638 ||| DRINKING 2 sedimented clear potions.
  1639 | D:2      | 1639 ||| READING 3 scrolls of identify.
  1639 | D:2      | 1639 ||| IDENTIFYING black potion
  1640 | D:2      | 1640 ||| READING 2 scrolls of identify.
  1640 | D:2      | 1640 ||| IDENTIFYING sedimented orange potion
  1641 | D:2      | 1641 ||| DROPPING potion of degeneration.
  1642 | D:2      | 1642 ||| DROPPING potion of berserk rage.
  1737 | D:3      | Found a faded altar of an unknown god.
  2042 | D:3      | Found a sparkling altar of Nemelex Xobeh.
  2309 | D:3      | 2309 ||| UPGRADING to ring of poison resistance.
  2310 | D:3      | 2310 ||| UPGRADING to ring of positive energy.
  2311 | D:3      | 2311 ||| READING scroll labelled WAGGAPU ZIUGAIGO.
  2312 | D:3      | 2312 ||| READING scroll labelled SUJINEAFY.
  2313 | D:3      | 2313 ||| READING scroll labelled XULESE XUFA.
  2314 | D:3      | 2314 ||| READING scroll labelled KALERHOCYTT.
  2318 | D:3      | 2318 ||| READING 5 scrolls of identify.
  2318 | D:3      | 2318 ||| IDENTIFYING glowing cyan potion
  2319 | D:3      | 2319 ||| READING 4 scrolls of identify.
  2319 | D:3      | 2319 ||| IDENTIFYING glowing coppery potion
  2320 | D:3      | 2320 ||| READING 3 scrolls of identify.
  2320 | D:3      | 2320 ||| IDENTIFYING red potion
  2321 | D:3      | 2321 ||| DROPPING potion of lignification.
  2322 | D:3      | 2322 ||| DROPPING potion of ambrosia.
  2363 | D:4      | Reached XP level 4. HP: 34/37 MP: 4/4
  2395 | D:4      | 2395 ||| READING scroll of enchant weapon.
  2395 | D:4      | 2395 ||| ENCHANTING +2 sling.
  2430 | D:4      | Found a blossoming altar of Fedhas.
  2484 | D:4      | Found a glowing golden altar of the Shining One.
  2485 | D:4      | Found a glowing silver altar of Zin.
  2486 | D:4      | Found a white marble altar of Elyvilon.
  2543 | D:4      | Noticed a phantom
  2555 | D:4      | Killed a phantom
  2556 | D:4      | Reached skill level 5 in Ranged Weapons
  2556 | D:4      | Reached XP level 5. HP: 33/42 MP: 5/5
  2556 | D:4      | 2556 ||| FLEEEEING.
  2557 | D:4      | 2557 ||| STAIRDANCE
  2589 | D:3      | 2589 ||| UPGRADING to +0 pair of boots.
  2594 | D:3      | 2594 ||| DRINKING 2 glowing pink potions.
  2595 | D:3      | 2595 ||| READING 2 scrolls of identify.
  2595 | D:3      | 2595 ||| IDENTIFYING cyan potion
  2596 | D:3      | 2596 ||| DROPPING potion of magic.
  2606 | D:4      | 2606 ||| STAIRDANCE
  2611 | D:3      | Reached skill level 3 in Fighting
  2862 | D:4      | Found a burning altar of Makhleb.
  2868 | D:4      | Reached skill level 6 in Ranged Weapons
  2964 | D:5      | Entered Level 5 of the Dungeon
  3008 | D:5      | Reached skill level 1 in Armour
  3008 | D:5      | Reached XP level 6. HP: 44/51 MP: 6/6
  3044 | D:5      | 3044 ||| FLEEEEING.
  3045 | D:5      | 3045 ||| FLEEEEING.
  3271 | D:5      | HP: 10/52 [centaur/arrow (7)]
  3272 | D:5      | 3272 ||| DRINKING 2 potions of heal wounds.
  3366 | D:5      | Found a snail-covered altar of Cheibriados.
  3368 | D:5      | 3368 ||| SWAPPING to +0 orcbow of flaming.
  3369 | D:5      | 3369 ||| DROPPING +3 sling.
  3399 | D:5      | Found an ancient bone altar of Kikubaaqudgha.
  3451 | D:5      | Reached skill level 7 in Ranged Weapons
  3624 | D:5      | Found a hazy altar of Hepliaklqana.
  3625 | D:5      | Found a shimmering altar of Xom.
  3626 | D:5      | Noticed a spectral ugly thing
  3664 | D:5      | Reached XP level 7. HP: 43/59 MP: 7/7
  3767 | D:5      | Reached skill level 8 in Ranged Weapons
  3829 | D:5      | Reached skill level 3 in Dodging
  4022 | D:5      | Reached XP level 8. HP: 44/69 MP: 8/8
  4199 | D:5      | 4199 ||| UPGRADING to ring of willpower.
  4201 | D:5      | 4201 ||| READING scroll labelled YCAMO XEOGAY.
  4202 | D:5      | 4202 ||| READING 2 scrolls of identify.
  4202 | D:5      | 4202 ||| IDENTIFYING blue potion
  4203 | D:5      | 4203 ||| DROPPING potion of attraction.
  4428 | D:6      | Reached skill level 9 in Ranged Weapons
  4491 | D:6      | Noticed Pikel
  4507 | D:6      | Killed Pikel
  5049 | D:6      | 5049 ||| DROPPING ring of wizardry.
  5050 | D:6      | 5050 ||| READING scroll labelled VAXTO SACOGOH.
  5050 | D:6      | Identified a scroll of acquirement
  5050 | D:6      | 5050 ||| ACQUIRING -1 cloak "Riusiotack" {+Blink rC++ rN+
                  | Str-5 Int+2}
  5050 | D:6      | Acquired the -1 cloak "Riusiotack" {+Blink rC++ rN+ Str-5
                  | Int+2}
  5052 | D:6      | 5052 ||| UPGRADING to -1 cloak "Riusiotack" {+Blink rC++
                  | rN+ Str-5 Int+2}.
  5116 | D:7      | 5116 ||| Stepping ~*~*~tactically~*~*~ (outnumbered).
  5179 | D:7      | Reached skill level 10 in Ranged Weapons
  5236 | D:7      | Reached XP level 9. HP: 71/81 MP: 9/9
  5283 | D:7      | Found a staircase to the Ecumenical Temple.
  5284 | D:7      | 5284 ||| PLANNING TEMPLE
  5284 | D:7      | 5284 ||| DRINKING 2 metallic orange potions.
  5285 | D:7      | 5285 ||| DROPPING potion of brilliance.
  5293 | Temple   | Entered the Ecumenical Temple
  5415 | Temple   | 5415 ||| PLANNING D:1-11
  5563 | D:7      | Found an ornate altar of the Wu Jian Council.
  5648 | D:7      | 5648 ||| FLEEEEING.
  5651 | D:7      | 5651 ||| FLEEEEING.
  5652 | D:7      | 5652 ||| FLEEEEING.
  5653 | D:7      | 5653 ||| FLEEEEING.
  5654 | D:7      | 5654 ||| FLEEEEING.
  5660 | D:7      | 5660 ||| FLEEEEING.
  5661 | D:7      | 5661 ||| FLEEEEING.
  5965 | D:7      | Identified the +0 tower shield of Divine Compulsion {Dex+3}
  6222 | D:8      | HP: 18/81 [spriggan/+0 dagger (12)]
  6223 | D:8      | 6223 ||| DRINKING potion of heal wounds.
  6229 | D:8      | HP: 16/81 [hornet (6)]
  6230 | D:8      | HP: 7/81 [hornet (9)]
  6231 | D:8      | HP: 3/81 [hornet (5)]
  6232 | D:8      | Slain by a hornet

Levels and vault maps discovered:
D:1:      evilmike_arrival_hilbert_curve, layout_basic
D:2:      layout_basic, basic_altar
D:3:      wander_river, layout_basic, nemelex_xobeh_ov_fountains_minmay,
          basic_ecumenical_altar, minmay_misc_feat_secret_circle
D:4:      layout_basic, good_gods_temple_1, fedhas_altar_1,
          makhleb_heckhound_becter
D:5:      layout_loops_corners, regret_index_temple_of_mockery,
          kiku_gazebo_garden_becter, mainiacjoe_overflow_catwalk,
          minmay_fractal_squares_diagonal_5
D:6:      layout_loops_ring, chequers_serial_rivers_micro_b,
          minmay_tree_intersection, uniq_pikel
D:7:      layout_loops_corners, lemuel_round_altar, minmay_temple_entry_wispy
D:8:      kb_forest_paths, layout_loops_corners, serial_shops, shop
Temple:   nicolae_temple_godpark

Skill      XL: |  1  2  3  4  5  6  7  8  9 |
---------------+----------------------------+-----
Ranged Weapons | 3 4 5 6 7 8 10 | 10.9
Fighting       | 2 3 4 5 8 |  8.1
Armour         | 1 2 |  2.0
Dodging        | 3 4 |  4.0
Spellcasting   | |  1.0
Hexes          | |  2.0

Action                     |  1- 3 |  4- 6 |  7- 9 || total
---------------------------+-------+-------+-------++-------
   Fire: Sling             |   111 |   108 |       ||   219
         Orcbow            |       |    33 |   197 ||   230
    Use: Scroll            |    14 |     2 |     3 ||    19
         Potion            |     1 |     2 |     2 ||     5
 Armour: Robe              |     4 |       |       ||     4
         Leather armour    |     9 |    18 |    38 ||    65
  Dodge: Dodged            |    24 |    57 |    57 ||   138

Table legend:
 A = Non-vault XP
 B = Vault XP
 C = Vault XP percentage of total XP
 D = Non-vault monster count
 E = Vault monster count
 F = Vault count percentage of total count
                 A         B        C        D         E       F
            +---------+---------+-------+---------+---------+-------
      Total |    2059 |    1407 |  40.6 |     107 |      11 |   9.3
            +---------+---------+-------+---------+---------+-------
        D:1 |      16 |       0 |   0.0 |      11 |       0 |   0.0
        D:2 |      60 |       0 |   0.0 |      20 |       0 |   0.0
        D:3 |      34 |       0 |   0.0 |      13 |       0 |   0.0
        D:4 |     196 |      42 |  17.6 |      15 |       1 |   6.2
        D:5 |     627 |     538 |  46.2 |      18 |       8 |  30.8
        D:6 |     287 |     593 |  67.4 |       8 |       1 |  11.1
        D:7 |     653 |       0 |   0.0 |      20 |       0 |   0.0
        D:8 |     186 |     234 |  55.7 |       2 |       1 |  33.3
            +---------+---------+-------+---------+---------+-------
